 Dungeon Crawl Stone Soup version 0.28-a0-1117-g0bdd5ba030 (webtiles) character file.

Game seed: 6706176934316302813

46 Gwenloh the Scratcher (level 3, 0/15 HPs)
             Began as a Felid Transmuter on Dec 11, 2021.
             Slain by Robin (1 damage)
             ... on level 2 of the Dungeon.
             The game lasted 00:03:58 (1810 turns).

Gwenloh the Scratcher (Felid Transmuter)            Turns: 1810, Time: 00:03:59

Health: 0/15       AC:  1    Str:  6    XL:     3   Next: 46%
Magic:  5/7        EV: 18    Int: 16    God:
Gold:   16         SH:  0    Dex: 16    Spells: 3/6 levels left
                                        Lives:  0   Deaths: 0

rFire   . . .      SeeInvis +     - Unarmed
rCold   . . .      Faith    .   (shield unavailable)
rNeg    . . .      Spirit   .   (armour unavailable)
rPois   .          Reflect  .   (helmet unavailable)
rElec   .          Harm     .   (cloak unavailable)
rCorr   .          Rampage  .   (gloves unavailable)
Will    .....                   (boots unavailable)
Stlth   +.........              (no amulet)
HPRegen 0.05/turn               (no ring)
MPRegen 0.10/turn               (no ring)

@: appendages (expiring), wereblooded, quick
A: horns 2, very small, claws 1, fangs 3, see invisible, speed 1, shaggy fur 1,
stealthy paws, no weapons or thrown items, no armour, multi-lived
a: End Transformation


You were on level 2 of the Dungeon.
You had temporarily grown beastly horns.
You visited 1 branch of the dungeon, and saw 2 of its levels.

You collected 16 gold pieces.

Inventory:

Scrolls
 b - 2 scrolls of magic mapping {unknown}
 d - a scroll of fear {unknown}
 e - a scroll of fog {unknown}
Potions
 a - a potion of lignification {unknown}
 c - 2 potions of might {unknown}


   Skills:
 + Level 1.5 Fighting
 + Level 3.3 Dodging
 * Level 3.5 Unarmed Combat
 - Level 2.0 Spellcasting
 * Level 3.0 Transmutations


You had 3 spell levels left.
You knew the following spells:

 Your Spells              Type           Power      Damage    Failure   Level
a - Beastly Appendage     Tmut           22%        N/A       6%          1
b - Wereblood             Tmut           11%        N/A       9%          2

Your spell library contained the following spells:

 Spells                   Type           Power      Damage    Failure   Level
 Spider Form              Tmut/Pois      6%         N/A       32%         3
 Ice Form                 Ice/Tmut       6%         N/A       73%         4


Dungeon Overview and Level Annotations

Branches:
Dungeon (2/15)

Altars:
The Shining One

Shops:
D:1 [

Annotations:
D:2 Robin


Innate Abilities, Weirdness & Mutations

You have temporarily grown beastly horns.
You have sharp claws.
You have razor-sharp teeth.
You have supernaturally acute eyesight. (SInv)
You cover ground quickly. (Speed+)
You are covered in fur. (AC +1)
Your paws help you pounce on unaware monsters.
You are incapable of wielding weapons or throwing items.
You cannot wear armour.
You gain extra lives every three experience levels.


Message History

You start waiting.
Your transformation is almost over.
You start waiting.
Your horns disappear.
You start waiting.
Done waiting.
There is a stone staircase leading down here.
Casting: Beastly Appendage (safe; 6% risk of failure)
Confirm with . or Enter, or press ? or * to list all spells.
You grow a pair of large bovine horns.
Casting: Beastly Appendage (safe; 6% risk of failure)
Confirm with . or Enter, or press ? or * to list all spells.
Your blood is infused with primal strength.
You climb downwards.
Level annotation: Robin The goblin shoots a stone.
The stone hits you but does no damage.
The goblin shoots a stone.
The stone hits you.
There is a stone staircase leading up here.
The goblin unwields a +0 hunting sling.
The goblin wields a +0 club.
The goblin closely misses you.
You claw the goblin!
You feel a bit better.
You kill the goblin!
No target in range!
Robin closely misses you.
Items here: ( )) †.
Robin closely misses you.
You barely miss Robin. Your bite misses Robin. You scratch Robin.
You headbutt Robin, but do no damage.
Robin is lightly wounded.
Robin hits you with a +0 trident.
You scratch Robin but do no damage.
Robin is lightly wounded.
Your transformation is almost over.
Robin hits you with a +0 trident!
Ouch! That really hurt!
* * * LOW HITPOINT WARNING * * *
You completely miss Robin. Your bite misses Robin.
Robin is lightly wounded.
Robin hits you with a +0 trident.
You die...

#......g........#
#.#############g#
#.#############.#
#.....g..g....#g##############
#############.#>..g.g.g......#
#.#.#####....g...#
#.#.#####........#
###g#.....')........
#.#@#######........#
###########.#)# #........#
#...........#.# #...#'####
#.########...<# #...#.#
#.########÷.#.# #...#.#
#...........#.# #...#.#
#.##........#.# #...#.#
#.##..._....#.###########..
#.###..............# ...


You could see Robin.

Vanquished Creatures
  An adder (D:2)
  A dart slug (D:2)
  2 ball pythons (D:1)
  A giant cockroach (D:1)
  6 goblins
  6 hobgoblins
  2 quokkas (D:1)
  A frilled lizard (D:1)
  7 kobolds (D:1)
  4 rats (D:1)
31 creatures vanquished.

Notes
Turn   | Place    | Note
-------+----------+-------------------------------------------
     0 | D:1      | Gwenloh the Felid Transmuter began the quest for the Orb.
     0 | D:1      | Reached XP level 1. HP: 9/9 MP: 4/4
   466 | D:1      | Reached XP level 2. HP: 12/12 MP: 4/6
   740 | D:1      | Found Nis Leke's Antique Armour Shop.
  1153 | D:1      | Learned a level 2 spell: Wereblood
  1411 | D:2      | Found a glowing golden altar of the Shining One.
  1416 | D:2      | Reached XP level 3. HP: 15/15 MP: 5/7
  1593 | D:2      | Noticed Robin
  1810 | D:2      | Slain by Robin

Illustrated notes

Levels and vault maps discovered:
D:1:      enne_arrival_octagon_isle, layout_basic, serial_shops,
          nicolae_shop_window_shopping
D:2:      layout_basic, serial_glass, glass_columns_b, glass_columns_a,
          basic_altar, uniq_jessica, uniq_robin, uniq_crazy_yiuf_cottage

Skill      XL: |  1  2  3 |
---------------+----------+-----
Dodging        | 3 |  3.3
Transmutations | 3 |  3.0
Fighting       | |  1.5
Unarmed Combat | |  3.5
Spellcasting   | |  2.0

Action                   || total
-------------------------++-------
Melee: Unarmed           ||    69
       Headbutt          ||     8
       Bite              ||     8
 Cast: Beastly Appendage ||    23
       Wereblood         ||     1
 Stab: Sleeping          ||     1
Armor: Skin              ||     3
Dodge: Dodged            ||    38

Table legend: (Time is in decaauts)
 A = Elapsed time spent in this place.
 B = Non-inter-level travel time spent in this place.
 C = Inter-level travel time spent in this place.
 D = Time resting spent in this place.
 E = Time spent auto-exploring this place.
 F = Levels seen in this place.
 G = Mean time per level.
                   A        B        C        D        E       F      G
               +--------+--------+--------+--------+--------+-----+--------+
         Total |   1676 |   1664 |     12 |    332 |   1054 |   2 |  838.0 |
       Dungeon |   1676 |   1664 |     12 |    332 |   1054 |   2 |  838.0 |
               +--------+--------+--------+--------+--------+-----+--------+

Top non-repeatable levels by time:
     D:1: 1452 daAuts
     D:2: 223 daAuts
